 Dungeon Crawl Stone Soup version 0.30.1 (webtiles) character file.

Game seed: 5540614770090690277

980 LynnLen the Covert (level 7, -1/32 HPs)
             Began as a Spriggan Enchanter on July 12, 2023.
             Slain by a gnoll
             ... wielding a +0 spear
             ... led by a gnoll bouda
              (4 damage)
             ... on level 6 of the Dungeon.
             The game lasted 00:12:04 (3960 turns).

LynnLen the Covert (Spriggan Enchanter)             Turns: 3960, Time: 00:12:05

Health: -1/32      AC:  2    Str:  4    XL:     7   Next: 96%
Magic:  2/12       EV: 17    Int: 16    God:
Gold:   243        SH:  0    Dex: 18    Spells: 3/11 levels left

rFire   . . .        f - +2 dagger (drain)
rCold   . . .        (no shield)
rNeg    . . .        b - +0 robe
rPois   .            (helmet restricted)
rElec   .            (no cloak)
rCorr   .            (gloves unavailable)
SInv    +            (boots unavailable)
Will    +....        (no amulet)
Stlth   +++++        (no ring)
HPRegen 0.25/turn    (no ring)
MPRegen 0.13/turn

%: no passive effects
@: very quick
A: very small, no large weapons, unfitting armour, see invisible, speed 3
a: no special abilities


You were on level 6 of the Dungeon.
You visited 1 branch of the dungeon, and saw 6 of its levels.

You collected 243 gold pieces.

Inventory:

Hand Weapons
 f - a +2 dagger of draining (weapon)
Missiles
 w - a throwing net (quivered)
Armour
 b - a +0 robe (worn)
Wands
 p - a wand of roots (18)
 x - a wand of polymorph (8)
Scrolls
 j - a scroll of poison
 m - a scroll of immolation
 n - 2 scrolls of vulnerability {unknown}
 o - 2 scrolls of brand weapon {unknown}
 q - 2 scrolls of teleportation {unknown}
 r - a scroll of magic mapping {unknown}
 s - a scroll of noise {unknown}
 t - 2 scrolls of fog {unknown}
 v - a scroll of enchant armour {unknown}
Potions
 a - 2 potions of lignification
 c - 2 potions of invisibility
 d - a potion of degeneration {unknown}
 e - a potion of magic {unknown}
 g - 3 potions of curing
 h - a potion of heal wounds {unknown}
 i - a potion of flight {unknown}
 k - a potion of might {unknown}
 l - 2 potions of mutation {unknown}
 u - a potion of resistance {unknown}


   Skills:
 + Level 4.5 Short Blades
 - Level 2.6 Dodging
 * Level 10.2 Stealth
 - Level 2.6 Spellcasting
 + Level 6.2 Hexes
 + Level 2.6 Ice Magic


You had 3 spell levels left.
You knew the following spells:

 Your Spells              Type           Power      Damage    Failure   Level
a - Ensorcelled Hibernat  Hex/Ice        32%        N/A       4%          2
b - Confusing Touch       Hex            22%        N/A       4%          3
c - Tukima's Dance        Hex            22%        N/A       4%          3

Your spell library contained the following spells:

 Spells                   Type           Power      Damage    Failure   Level
 Slow                     Hex            88%        N/A       1%          1
 Dazzling Flash           Conj/Hex       24%        N/A       16%         3
 Sandblast                Erth           4%         2d4       19%         1
 Cigotuvi's Dreadful Rot  Necr/Pois/Air  4%         N/A       28%         2
 Passwall                 Tmut/Erth      1%         N/A       28%         2
 Stone Arrow              Conj/Erth      4%         3d7       50%         3
 Vampiric Draining        Necr           2%         2d6       50%         3
 Vhi's Electric Charge    Tloc/Air       4%         N/A       50%         3
 Dispel Undead            Necr           2%         3d7       88%         4
 Arcjolt                  Conj/Air       1%         1d11      99%         5
 Death Channel            Necr           1%         N/A       100%        6
 Maxwell's Capacitive Co  Air            1%         ∞         100%        8


Dungeon Overview and Level Annotations

Branches:
Dungeon (6/15)
 Temple: D:4-7

Altars:
Wu Jian

Shops:
D:4 [


Innate Abilities, Weirdness & Mutations

You are very small and have problems with some larger weapons.
You are too small for most types of armour.
You have supernaturally acute eyesight. (SInv)
You cover ground extremely quickly. (Speed+++)


Message History

Unknown command.
Okay, then.
You hit the gnoll bouda but do no damage.
You drain the gnoll bouda.
The gnoll bouda is heavily wounded.
Your attacks no longer feel as feeble.
You hit the gnoll bouda. You drain the gnoll bouda.
The gnoll bouda is almost dead.
The gnoll bouda barely misses you.
You hit the gnoll bouda.
You kill the gnoll bouda!
The gnoll misses you.
The gnoll hits you from afar with a +0 spear!
Things that are here:
a +0 whip; a +0 robe You swap places.
The gnoll is no longer moving quickly.
The gnoll hits your +0 club.
Your +0 club closely misses the gnoll.
There is an open door here.
You close the door.
Your magical contamination has completely faded away.
You start resting.
A gnoll is nearby!
A gnoll is nearby!
Casting: Tukima's Dance (dangerous; 4% risk of failure)
Confirm with . or Enter, or press ? or * to list all spells.
Aiming: Tukima's Dance (dangerous; 4% risk of failure)
Press: ? - help, Shift-Dir - straight line, f - gnoll
Aim: a gnoll, wielding a +0 spear (chance to affect: 63%) Nothing appears to happen.
The gnoll misses you.
Casting: Tukima's Dance (dangerous; 4% risk of failure)
Confirm with . or Enter, or press ? or * to list all spells.
You don't have enough magic to cast this spell.
A gnoll is nearby!
The gnoll hits you with a +0 spear!
You barely miss the gnoll. The gnoll hits you with a +0 spear!
You hit the gnoll but do no damage. The gnoll hits you with a +0 spear!
* * * LOW HITPOINT WARNING * * *
You barely miss the gnoll.
The gnoll hits you from afar with a +0 spear.
You die...

#.#...#...##.####..
#.#........#
#.....#.####
#######.# #.# #.#
##### #.### #..(g
#...# #####.###
###@### #...#.#
#....######...#.#
+..#g#........+.#
...####.#.####...###
..........# #####
......#...#
......#...# .....
#...# ..... #...+


You could see a gnoll.

Vanquished Creatures
  Prince Ribbit (D:5)
  A wraith (D:6)
  2 ogres (D:5)
  A phantom (D:5)
  2 hounds
  A gnoll bouda (D:6)
  2 iguanas (D:5)
  Ijyb (D:3)
  Terence (D:2)
  An orc wizard (D:5)
  3 gnolls (D:5)
  6 adders
  An ufetubus (D:6)
  A worm (D:2)
  4 dart slugs
  3 orcs (D:5)
  4 endoplasms
  2 giant cockroaches (D:3)
  4 goblins
  13 hobgoblins
  9 jackals
  4 kobolds
  3 quokkas
  11 ball pythons
  6 bats
  2 frilled lizards
  6 rats
95 creatures vanquished.

Vanquished Creatures (others)
  2 dancing weapons
2 creatures vanquished.

Grand Total: 97 creatures vanquished

Notes
Turn   | Place    | Note
-------+----------+-------------------------------------------
     0 | D:1      | LynnLen the Spriggan Enchanter began the quest for the Orb.
     0 | D:1      | Reached XP level 1. HP: 9/9 MP: 5/5
   133 | D:1      | Reached skill level 5 in Stealth
   133 | D:1      | Reached XP level 2. HP: 13/13 MP: 6/6
   295 | D:1      | Found a faded altar of an unknown god.
   396 | D:1      | Reached XP level 3. HP: 15/16 MP: 8/8
   717 | D:2      | Learned a level 2 spell: Ensorcelled Hibernation
   721 | D:2      | Learned a level 3 spell: Confusing Touch
   841 | D:2      | Reached skill level 6 in Stealth
  1078 | D:2      | Reached XP level 4. HP: 21/21 MP: 9/9
  1082 | D:2      | Learned a level 3 spell: Tukima's Dance
  1199 | D:2      | Noticed Terence
  1202 | D:2      | Killed Terence
  1811 | D:3      | Found an ornate altar of the Wu Jian Council.
  2101 | D:3      | Reached skill level 7 in Stealth
  2101 | D:3      | Reached XP level 5. HP: 24/24 MP: 3/10
  2185 | D:3      | Noticed Ijyb
  2188 | D:3      | Killed Ijyb
  2489 | D:4      | Found Tij Moa's Armour Boutique.
  2509 | D:4      | Noticed a phantom
  2932 | D:5      | Entered Level 5 of the Dungeon
  2952 | D:5      | Reached skill level 5 in Hexes
  2952 | D:5      | Reached skill level 1 in Ice Magic
  3040 | D:5      | Reached XP level 6. HP: 28/28 MP: 6/11
  3236 | D:5      | Noticed Prince Ribbit
  3259 | D:5      | Killed Prince Ribbit
  3260 | D:5      | Reached skill level 8 in Stealth
  3413 | D:5      | Reached XP level 7. HP: 22/32 MP: 4/12
  3530 | D:5      | Reached skill level 9 in Stealth
  3882 | D:6      | Noticed a wraith
  3883 | D:6      | Killed a wraith
  3884 | D:6      | Reached skill level 10 in Stealth
  3960 | D:6      | Slain by a gnoll

Illustrated notes

Levels and vault maps discovered:
D:1:      minmay_arrival_glassed_features, layout_loops_ring,
          shapermc_ecumenical_altar_ellora
D:2:      layout_loops_ring, uniq_terence
D:3:      layout_rooms, nicolae_wu_jian_wuxing_cycle, uniq_ijyb
D:4:      layout_loops_cross, serial_shops, nicolae_shop_pleasant_corner_grove,
          chequers_serial_rivers_small_b
D:5:      layout_loops_cross, uniq_prince_ribbit1
D:6:      kennysheep_windowed_halls, layout_basic,
          grunt_temple_overflow_magic_moments, minmay_temple_entry_waves,
          uniq_crazy_yiuf_cottage

Skill      XL: |  1  2  3  4  5  6  7 |
---------------+----------------------+-----
Stealth        | 5 6 7 8 10 | 10.2
Hexes          | 4 5 6 |  6.2
Short Blades   | 2 3 4 |  4.5
Ice Magic      | 1 2 |  2.6
Dodging        | |  2.6
Spellcasting   | |  2.6

Action                     |  1- 3 |  4- 6 |  7- 9 || total
---------------------------+-------+-------+-------++-------
  Melee: Dagger            |    57 |   124 |    31 ||   212
         Punch             |       |     1 |       ||     1
   Cast: Ensorcelled Hiber |     1 |    13 |     3 ||    17
         Tukima's Dance    |       |     5 |     3 ||     8
         Confusing Touch   |       |     1 |     1 ||     2
    Use: Scroll            |     1 |     4 |       ||     5
   Stab: Sleeping          |    15 |    23 |     5 ||    43
         Distracted        |       |     1 |       ||     1
         Confused          |       |       |     1 ||     1
 Armour: Robe              |     5 |    12 |       ||    17
  Dodge: Dodged            |    33 |    70 |    15 ||   118
